 Dungeon Crawl Stone Soup version 0.29.0-4-gdea44cf6ec (webtiles) character file.

Game seed: 481461265769627709

221 qw the Chopper (level 5, -2/46 HPs)
             Began as a Minotaur Fighter on Sept 6, 2022.
             Slain by Pikel
             ... wielding a +1 whip of flaming
              (7 damage)
             ... on level 4 of the Dungeon.
             The game lasted 00:01:12 (3045 turns).

qw the Chopper (Minotaur Fighter)                   Turns: 3045, Time: 00:01:12

Health: -2/46      AC:  9    Str: 22    XL:     5   Next: 65%
Magic:  4/4        EV:  9    Int:  5    God:
Gold:   112        SH:  4    Dex: 10    Spells: 4/4 levels left

rFire   . . .      SeeInvis .   Y - +1 war axe
rCold   . . .      Faith    .   c - +0 buckler
rNeg    . . .      Spirit   .   b - +0 scale mail
rPois   .          Reflect  .   (helmet restricted)
rElec   .          Harm     .   (no cloak)
rCorr   .          Rampage  .   i - +1 pair of gloves
Will    .....                   (no boots)
Stlth   ..........              (no amulet)
HPRegen 0.15/turn               (no ring)
MPRegen 0.09/turn               (no ring)

@: no status effects
A: horns 2, retaliatory headbutt
a: no special abilities


You were on level 4 of the Dungeon.
You visited 1 branch of the dungeon, and saw 4 of its levels.

You collected 112 gold pieces.


Innate Abilities, Weirdness & Mutations

You have a pair of horns on your head.
You reflexively headbutt those who attack you in melee.


   Skills:
 + Level 3.7 Fighting
 - Level 7.0 Axes
 - Level 3.6 Armour
 - Level 1.0 Dodging
 - Level 3.6 Shields


You had 4 spell levels left.
You didn't know any spells.
Your spell library was empty.

Inventory:

Hand Weapons
 a - a +0 flail
 Y - a +1 war axe (weapon)
Armour
 b - a +0 scale mail (worn)
 c - a +0 buckler (worn)
 i - a +1 pair of gloves (worn)
Scrolls
 e - 2 scrolls of identify
 h - a scroll of blinking {unknown}
Potions
 d - a potion of might
 f - a potion of curing {unknown}
 g - a potion of brilliance {unknown}
 m - a potion of attraction {unknown}
 n - a potion of flight {unknown}

Dungeon Overview and Level Annotations

Branches:
Dungeon (4/15)
 Temple: D:4-7

Altars:
Nemelex Xobeh
Sif Muna

Annotations:
D:4 Pikel


Message History

Pikel burns you.
You closely miss the lemure.
The lemure is almost dead.
You hit Pikel. The lemure hits you. Pikel hits you but does no damage.
You closely miss the lemure.
The lemure is almost dead.
You barely miss Pikel. The lemure closely misses you.
Pikel says, "Hell isn't that bad."
Pikel hits you but does no damage.
You barely miss the lemure. You headbutt the lemure.
You kill the lemure!
That felt strangely unrewarding.
You hit Pikel. Pikel completely misses you.
You closely miss the lemure.
The lemure is heavily wounded.
You hit Pikel. The lemure hits you but does no damage.
Pikel hits you with a +1 whip of flaming.
Pikel burns you. You block Pikel's attack. The lemure hits you.
You hit the lemure but do no damage.
The lemure is heavily wounded.
You slash Pikel! The lemure hits you but does no damage.
Pikel hits you with a +1 whip of flaming.
Pikel burns you.
You hit Pikel but do no damage.
Pikel is severely wounded.
You slash the lemure! The lemure barely misses you.
A lemure comes into view.
Pikel hits you but does no damage.
The lemure shouts!
You hit the lemure. Your headbutt misses the lemure.
The lemure is severely wounded.
You hit Pikel but do no damage. You block the lemure's attack.
Pikel hits you with a +1 whip of flaming!
You die...

#####################
...........+...#.....
...........#...#.....
.##+###...##...'<...?
######.###...##..##..##.
#.....5#.....##'###..###
#...5.K@..........#..#
##...######..##...+..#
#... #..##..###+# #....
....##..# +..5.
......#...#
#............#...#
#######..###+##### #..
..


You could see Pikel and 2 lemures.

Vanquished Creatures
  A lemure (D:4)
  An orc priest (D:3)
  An orc wizard (D:3)
  9 adders (D:2)
  A river rat (D:3)
  2 worms
  2 dart slugs
  7 orcs (D:3)
  4 bats
  3 endoplasms
  3 giant cockroaches
  10 goblins
  7 hobgoblins
  2 kobolds
  2 quokkas
  2 ball pythons (D:2)
  A frilled lizard (D:3)
  12 rats
70 creatures vanquished.

Notes
Turn   | Place    | Note
-------+----------+-------------------------------------------
     0 | D:1      | qw the Minotaur Fighter began the quest for the Orb.
     0 | D:1      | Reached XP level 1. HP: 19/19 MP: 0/0
     0 | D:1      | 0 ||| qw: Version: 0.1-a-108-g9e35731
     0 | D:1      | 0 ||| qw: Game counter: 6353
     0 | D:1      | 0 ||| qw: Always use a shield: true
     0 | D:1      | 0 ||| qw: God list: Ru
     0 | D:1      | 0 ||| qw: Allow faded altars: false
     0 | D:1      | 0 ||| qw: Do Orc after D:15 true
     0 | D:1      | 0 ||| qw: Do second Lair branch before Depths: true
     0 | D:1      | 0 ||| qw: Lair rune preference: random
     0 | D:1      | 0 ||| qw: Plans: Normal
     0 | D:1      | 0 ||| PLANNING D:1-11
   117 | D:1      | Reached skill level 3 in Axes
   154 | D:1      | Reached XP level 2. HP: 18/26 MP: 1/1
   585 | D:1      | Reached skill level 4 in Axes
   737 | D:1      | 737 ||| READING scroll labelled UMUYRCH OGGUKES.
   738 | D:1      | 738 ||| READING scroll labelled EZO MUFEICS.
   739 | D:1      | 739 ||| READING scroll labelled SOLEECO OWEUW.
   740 | D:1      | 740 ||| READING scroll labelled SOIP HOUNOTOPHI.
   745 | D:1      | 745 ||| READING scroll labelled VELAOM JEMPU.
   746 | D:1      | 746 ||| DRINKING 2 pink potions.
   747 | D:1      | 747 ||| DROPPING potion of degeneration.
   837 | D:2      | Reached XP level 3. HP: 21/31 MP: 2/2
   985 | D:2      | Reached skill level 5 in Axes
   991 | D:2      | Reached XP level 4. HP: 39/39 MP: 3/3
  1082 | D:2      | Reached skill level 1 in Dodging
  1164 | D:2      | 1164 ||| Stepping ~*~*~tactically~*~*~ (hiding).
  1396 | D:2      | Found a faded altar of an unknown god.
  1400 | D:2      | 1400 ||| DROPPING +0 club.
  1463 | D:2      | Found a sparkling altar of Nemelex Xobeh.
  1464 | D:2      | 1464 ||| Stepping ~*~*~tactically~*~*~ (hiding).
  1466 | D:2      | 1466 ||| Stepping ~*~*~tactically~*~*~ (hiding).
  1472 | D:2      | 1472 ||| Stepping ~*~*~tactically~*~*~ (hiding).
  1747 | D:2      | Reached skill level 6 in Axes
  2007 | D:2      | 2007 ||| UPGRADING to +1 pair of gloves.
  2012 | D:2      | 2012 ||| READING scroll labelled QARAENL SILIYSUNON.
  2013 | D:2      | 2013 ||| READING 2 scrolls labelled TAAN TOEXO.
  2014 | D:2      | 2014 ||| DRINKING 2 fuming clear potions.
  2015 | D:2      | 2015 ||| DRINKING 2 ruby potions.
  2016 | D:2      | 2016 ||| DROPPING potion of invisibility.
  2073 | D:3      | 2073 ||| PLANNING SEWER
  2089 | D:3      | Found a shimmering blue altar of Sif Muna.
  2220 | D:3      | 2220 ||| DROPPING +0 whip.
  2273 | D:3      | Reached XP level 5. HP: 31/45 MP: 4/4
  2277 | D:3      | HP: 4/45 [orc priest/+0 war axe (9)]
  2278 | D:3      | 2278 ||| DRINKING potion of heal wounds.
  2297 | D:3      | HP: 11/45 [something (2)]
  2559 | D:3      | 2559 ||| Stepping ~*~*~tactically~*~*~ (hiding).
  2560 | D:3      | 2560 ||| Stepping ~*~*~tactically~*~*~ (hiding).
  2696 | D:3      | 2696 ||| RIP SEWER
  2699 | D:3      | 2699 ||| PLANNING D:1-11
  2884 | D:3      | Reached skill level 7 in Axes
  2958 | D:3      | 2958 ||| Stepping ~*~*~tactically~*~*~ (stealth).
  2959 | D:3      | 2959 ||| Stepping ~*~*~tactically~*~*~ (stealth).
  3022 | D:4      | Noticed a lemure
  3022 | D:4      | Noticed a lemure
  3022 | D:4      | Noticed Pikel
  3024 | D:4      | Noticed a lemure
  3025 | D:4      | 3025 ||| Stepping ~*~*~tactically~*~*~ (stealth).
  3026 | D:4      | 3026 ||| Stepping ~*~*~tactically~*~*~ (stealth).
  3041 | D:4      | Killed a lemure
  3042 | D:4      | HP: 9/46 [lemure[Pikel] (5)]
  3043 | D:4      | HP: 4/46 [Pikel/+1 whip of flaming (2)]
  3044 | D:4      | Noticed a lemure
  3045 | D:4      | Slain by Pikel

Levels and vault maps discovered:
D:1:      evilmike_arrival_fibonacci_small, layout_basic
D:2:      kennysheep_the_goblin_king, layout_basic, basic_altar,
          basic_ecumenical_altar, minmay_snake_closets
D:3:      layout_loops_ring, lemuel_tele_altar, portal_sewer_entry_c
D:4:      layout_gridville, kennysheep_decorative_pillar, st_stairs_2,
          uniq_ijyb, uniq_pikel, uniq_grinder

Skill      XL: |  1  2  3  4  5 |
---------------+----------------+-----
Axes           | 3 4 5 6 7 |  7.0
Dodging        | 1 |  1.0
Fighting       | |  3.7
Armour         | |  3.6
Shields        | |  3.6

Action                   |  1- 3 |  4- 6 || total
-------------------------+-------+-------++-------
Melee: War axe           |    65 |   118 ||   183
       Headbutt          |    10 |     9 ||    19
  Use: Scroll            |     5 |     2 ||     7
       Potion            |     1 |     3 ||     4
Armor: Scale mail        |    21 |    55 ||    76
Dodge: Dodged            |    32 |    42 ||    74
Block: Buckler           |    11 |    21 ||    32

Table legend:
 A = Non-vault XP
 B = Vault XP
 C = Vault XP percentage of total XP
 D = Non-vault monster count
 E = Vault monster count
 F = Vault count percentage of total count
                 A         B        C        D         E       F
            +---------+---------+-------+---------+---------+-------
      Total |     174 |     143 |  45.1 |      46 |      23 |  33.3
            +---------+---------+-------+---------+---------+-------
        D:1 |      29 |       0 |   0.0 |      17 |       0 |   0.0
        D:2 |      34 |     120 |  77.9 |      13 |      17 |  56.7
        D:3 |     111 |      23 |  17.2 |      16 |       6 |  27.3
            +---------+---------+-------+---------+---------+-------
